 Dungeon Crawl Stone Soup version 0.20.1-1-g8b1a95d (webtiles) character file.

125 letownia2 the Grave Robber (level 4, -4/36 HPs)
             Began as a Deep Dwarf Necromancer on Dec 18, 2017.
             Slain by a scorpion (8 damage)
             ... while paralysed by Grinder
             ... on level 4 of the Dungeon.
             The game lasted 00:02:31 (994 turns).

letownia2 the Grave Robber (Deep Dwarf Necromancer)  Turns: 994, Time: 00:02:31

Health: -4/36      AC:  2    Str: 11    XL:     4   Next: 82%
Magic:  7/7        EV:  2    Int: 17    God:
Gold:   24         SH:  0    Dex: 13    Spells: 3/7 levels left

rFire    . . .     SeeInvis .   i - +0 dagger
rCold    . . .     Gourm    .   (no shield)
rNeg     . . .     Faith    .   a - +0 robe
rPois    .         Spirit   .   (no helmet)
rElec    .         Reflect  .   (no cloak)
rCorr    .         Harm     .   (no gloves)
MR       .....                  (no boots)
Stlth    ++........             (no amulet)
Regen    0.0/turn               (no ring)
MPRegen  0.1/turn               (no ring)

@: paralysed, lethally poisoned (-4 -> -4), non-regenerating
A: damage resistance, heal wounds, sense surroundings 1, no regeneration
a: Heal Wounds


You were on level 4 of the Dungeon.
You were not hungry.

You visited 1 branch of the dungeon, and saw 4 of its levels.

You collected 24 gold pieces.

Inventory:

Hand Weapons
 i - a +0 dagger (weapon)
Missiles
 j - 23 bolts
 k - 6 steel javelins (quivered)
Armour
 a - a +0 robe (worn)
Jewellery
 f - an uncursed ring of ice {unknown}
Scrolls
 e - a scroll of identify {unknown}
 g - a scroll of fear {unknown}
 h - a scroll of immolation {unknown}
Potions
 d - 3 potions of curing {unknown}
Books
 b - a book of Necromancy

   Spells                             Type                      Level
   a - Pain                           Necromancy                   1
   b - Animate Skeleton               Necromancy                   1
   c - Vampiric Draining              Necromancy                   3
   d - Regeneration                   Charms/Necromancy            3
   e - Animate Dead                   Necromancy                   4
   f - Control Undead                 Necromancy                   4
Comestibles
 c - 3 bread rations
 l - 2 chunks of flesh


   Skills:
 - Level 2.1 Dodging
 - Level 2.4 Stealth
 - Level 2.2 Spellcasting
 + Level 6.5 Necromancy


You had 3 spell levels left.
You knew the following spells:

 Your Spells              Type           Power        Failure   Level  Hunger
a - Pain                  Necr           ###.         1%          1    #......
v - Vampiric Draining     Necr           ###.......   3%          3    ###....


Dungeon Overview and Level Annotations

Branches:
Dungeon (4/15)             Temple (0/1) D:4

Altars:
Ashenzari
Nemelex Xobeh
Uskayaw
Xom

Annotations:
D:4 Grinder


Innate Abilities, Weirdness & Mutations

You are resistant to damage.
You can heal yourself by infusing magical energy.
You passively map a small area around you.
You do not regenerate.


Message History

You climb downwards.
A scorpion and Grinder come into view.
The gnoll shouts!
The adder hisses angrily.
The orc shouts!
The gnoll hits you with a flail! Grinder gestures at you.
You suddenly lose the ability to move!
The adder bites you. Grinder hits you.
You writhe in agony.
* * * LOW HITPOINT WARNING * * *
The adder bites you.
* * * LOW HITPOINT WARNING * * *
You are poisoned.
The adder poisons you! The gnoll hits you with a flail.
* * * LOW HITPOINT WARNING * * *
The scorpion stings you but does no damage.
Grinder barely misses you. The adder bites you.
* * * LOW HITPOINT WARNING * * *
You are more poisoned.
The adder poisons you! The gnoll hits you with a flail.
The scorpion stings you!
You die...

. g ##....
* .#*
####.#....
, ..##
#.........
, [.<###
#.........
, * .#.Z.#
#...#.#.#.*
...h.# *
#...).....
#....s..
#.s.#.....
* *
#........#
*
#@g.go...,
#..........
#S5#...>.
#..........
, .........
,,
#........h.
*###.#...)?
*
#........##
...g... **
.#.#.#. *
...%... ,
###..#. , *


You could see Grinder, a scorpion, 3 gnolls, an adder and an orc.

Vanquished Creatures
  A scorpion (D:3)
  A howler monkey (D:4)
  A gnoll (D:4)
  2 adders (D:2)
  2 orcs (D:3)
  A giant cockroach (D:3)
  2 goblins
  A ball python (D:4)
  A bat (D:2)
  2 frilled lizards (D:2)
  2 kobolds
16 creatures vanquished.

Notes
Turn   | Place    | Note
-------+----------+-------------------------------------------
     0 | D:1      | letownia2 the Deep Dwarf Necromancer began the quest for the Orb.
     0 | D:1      | Reached XP level 1. HP: 15/15 MP: 3/3
   193 | D:2      | Reached XP level 2. HP: 10/22 MP: 0/5
   522 | D:3      | Found a shimmering altar of Xom.
   524 | D:3      | Found a hide-covered altar of Uskayaw.
   524 | D:3      | Found a hide-covered altar of Uskayaw.
   526 | D:3      | Found a shattered altar of Ashenzari.
   526 | D:3      | Found a sparkling altar of Nemelex Xobeh.
   526 | D:3      | Found a shimmering altar of Xom.
   578 | D:2      | Reached skill level 5 in Necromancy
   613 | D:4      | Found a staircase to the Ecumenical Temple.
   614 | D:4      | Reached XP level 3. HP: 13/28 MP: 4/6
   617 | D:4      | Noticed a scorpion
   619 | D:4      | Noticed a scorpion
   624 | D:3      | Learned a level 3 spell: Vampiric Draining
   851 | D:3      | Killed a scorpion
   851 | D:3      | Reached skill level 6 in Necromancy
   851 | D:3      | Reached XP level 4. HP: 28/36 MP: 0/7
   992 | D:4      | Noticed Grinder
   992 | D:4      | Paralysed by Grinder for 5 turns
   994 | D:4      | Slain by a scorpion

Skill      XL: |  1  2  3 |
---------------+----------+-----
Spellcasting   | 2 |  2.2
Necromancy     | 5 6 |  6.5
Dodging        | |  2.1
Stealth        | |  2.4

Action                   |  1- 3 |  4- 6 || total
-------------------------+-------+-------++-------
 Cast: Pain              |    31 |     7 ||    38
       Vampiric Draining |     3 |     1 ||     4
  Eat: Chunk             |       |     1 ||     1
Armor: Robe              |     4 |     2 ||     6
Dodge: Dodged            |    17 |     4 ||    21
